 Dungeon Crawl Stone Soup version 0.31-a0-1206-g41278d8d1d (webtiles) character file.

Game seed: 2954321973833253825

9231 Sobieck the Destroyer (level 11, -6/64 HPs)
             Began as a Tengu Conjurer on Dec 13, 2023.
             Was a Believer of Vehumet.
             Mangled by a boulder beetle (25 damage)
             ... on level 9 of the Dungeon.
             The game lasted 00:59:50 (12236 turns).

Sobieck the Destroyer (Tengu Conjurer)             Turns: 12236, Time: 00:59:51

Health: -6/64      AC:  4    Str:  5    XL:     11   Next: 43%
Magic:  21/42      EV: 18    Int: 24    God:    Vehumet [**....]
Gold:   476        SH:  5    Dex: 12    Spells: 15/26 levels left

rFire   . . .        e - staff of fire
rCold   + . .        (no shield)
rNeg    . . .        a - +1 robe
rPois   +            (helmet restricted)
rElec   .            y - +0 cloak
rCorr   .            (no gloves)
SInv    .            (boots unavailable)
Will    .....        C - amulet of reflection
Stlth   ++           w - ring of magical power
HPRegen 0.30/turn    D - ring "Kuemomm" {Ice rPois MP+9 Str-4 Int+2}
MPRegen 0.28/turn

%: reflection, acrobat
@: flying
A: beak, talons 3, evasive flight, acrobatic
a: Renounce Religion


You were on level 9 of the Dungeon.
You worshipped Vehumet.
Vehumet was pleased with you.
You visited 2 branches of the dungeon, and saw 10 of its levels.

You collected 626 gold pieces.
You spent 150 gold pieces at shops.

Inventory:

Missiles
 Z - a throwing net
Armour
 a - a +1 robe (worn)
 k - a +0 kite shield
 n - a +0 buckler
 r - a scarf of harm
 y - a +0 cloak (worn)
Magical Staves
 e - a staff of fire (weapon)
 u - a staff of air
Jewellery
 c - a ring of protection from cold
 l - an amulet of faith
 s - the ring "Rodemif" {+Blink rC+ Will- SInv}
   (You found it on level 3 of the Dungeon)

   [ring of see invisible]

   rC+:       It protects you from cold.
   Will-:     It decreases your willpower.
   SInv:      It lets you see invisible.
   +Blink:    It lets you blink.
 w - a ring of magical power (left hand)
 C - an amulet of reflection (around neck)
 D - the ring "Kuemomm" (right hand) {Ice rPois MP+9 Str-4 Int+2}
   (You bought it in a shop on level 8 of the Dungeon)

   [ring of ice]

   Ice:       It enhances your ice magic.
   Str-4:     It affects your strength (-4).
   Int+2:     It affects your intelligence (+2).
   rF-:       It makes you vulnerable to fire.
   rC+:       It protects you from cold.
   rPois:     It protects you from poison MP+9: It affects your magic capacity
   (+9).
 F - the amulet of Pyenin {Spirit rF+ rC+ Int+3}
   (You took it off a wight on level 9 of the Dungeon)

   [amulet of guardian spirit]

   Spirit:    It causes incoming damage to be divided between your reserves of
   health and magic.
   Int+3:     It affects your intelligence (+3).
   rF+:       It protects you from fire.
   rC+:       It protects you from cold.
Wands
 x - a wand of mindburst (20)
 E - a wand of charming (8)
 I - a wand of iceblast (4)
Scrolls
 b - a scroll of blinking
 f - 2 scrolls of amnesia
 g - a scroll of poison
 i - a scroll of summoning {unknown}
 j - a scroll of brand weapon
 A - 2 scrolls of enchant weapon
 B - 2 scrolls of immolation
 T - 3 scrolls of teleportation
Potions
 d - a potion of ambrosia
 h - 2 potions of heal wounds
 m - 2 potions of brilliance
 o - 3 potions of attraction
 q - a potion of resistance
 t - a potion of might
 v - 2 potions of magic
 z - a potion of invisibility {unknown}
 Q - 2 potions of curing
Miscellaneous
 p - a lightning rod (4/4)


   Skills:
 + Level 5.6 Fighting
 + Level 5.8 Dodging
 - Level 2.0 Stealth
 + Level 2.3 Shields
 + Level 8.3 Spellcasting
 + Level 14.5 Conjurations
 - Level 4.0 Hexes
 - Level 4.0 Translocations


You had 15 spell levels left.
You knew the following spells:

 Your Spells              Type           Power      Damage    Failure   Level
a - Magic Dart            Conj           100%       1d8       0%          1
b - Searing Ray           Conj           100%       2d8       1%          2
c - Iskenderun's Mystic   Conj/Tloc      53%        2d11      1%          4
d - Fulminant Prism       Conj/Hex       26%        3d14      1%          4

Your spell library contained the following spells:

 Spells                   Type           Power      Damage    Failure   Level
 Kiss of Death            Conj/Necr      100%       2d13      1%          1
 Jinxbite                 Hex            58%        N/A       1%          2
 Lesser Beckoning         Tloc           58%        N/A       1%          2
 Dazzling Flash           Conj/Hex       100%       N/A       1%          3
 Gell's Gravitas          Tloc           29%        N/A       3%          3
 Teleport Other           Tloc           29%        N/A       3%          3
 Ensorcelled Hibernation  Hex/Ice        58%        N/A       4%          2
 Volatile Blastmotes      Fire/Tloc      58%        2d14      9%          3
 Cause Fear               Hex            14%        N/A       12%         4
 Anguish                  Hex/Necr       9%         N/A       26%         4
 Starburst                Conj/Fire      30%        6d9       43%         6
 Enfeeble                 Hex            14%        N/A       100%        7
 Maxwell's Capacitive Co  Air            5%         ∞         100%        8


Dungeon Overview and Level Annotations

Branches:
Dungeon (9/15)             Temple (1/1) D:6
   Lair: D:8-11         Orc: D:9-12

Altars:
Ashenzari
Cheibriados
Elyvilon
Fedhas
Hepliaklqana
Makhleb
Nemelex Xobeh
Okawaru
Qazlal
Ru
Trog
Uskayaw
Vehumet
Wu Jian
Xom
Zin
The Shining One

Shops:
D:8 !*

Annotations:
D:6 1 runed translucent door, pigah's ghost, novice OpSh


Innate Abilities, Weirdness & Mutations

You have a beak for a mouth.
You have claws for feet.
Your magical flight helps you evade attacks. (EV +4)
You can magically evade attacks while moving or waiting.


Message History

Confirm with . or Enter, or press ? or * to list all spells.
Aiming: Fulminant Prism (dangerous; 1% risk of failure)
Press: ? - help, Dir - move target You conjure a prism of explosive energy!
A fulminant prism comes into view.
Your fulminant prism crackles loudly.
Your fulminant prism explodes!
The blast of energy engulfs the boulder beetle!!
The boulder beetle is moderately wounded.
You hear a shout!
You hear an angry hiss.
You hear a shout!
You hear a bellow!
You hear an angry hiss.
Casting: Fulminant Prism (dangerous; 1% risk of failure)
Confirm with . or Enter, or press ? or * to list all spells.
Aiming: Fulminant Prism (dangerous; 1% risk of failure)
Press: ? - help, Dir - move target, f - boulder beetle
Aim: a boulder beetle (moderately wounded, rolling)
Okay, then.
Unknown command.
Casting: Fulminant Prism (dangerous; 1% risk of failure)
Confirm with . or Enter, or press ? or * to list all spells.
You erupt in a blast of force!
The mystic blast hits the boulder beetle but does no damage.
The boulder beetle is moderately wounded.
The boulder beetle hits you!!!
Ouch! That really hurt!
* * * LOW HITPOINT WARNING * * *
The boulder beetle stops rolling and uncurls.
Casting: Iskenderun's Mystic Blast (dangerous; 1% risk of failure)
Confirm with . or Enter, or press ? or * to list all spells.
You erupt in a blast of force!
The mystic blast hits the boulder beetle.
The boulder beetle is moderately wounded.
The boulder beetle is knocked back by the mystic blast.
Casting: Iskenderun's Mystic Blast (dangerous; 1% risk of failure)
Confirm with . or Enter, or press ? or * to list all spells.
You erupt in a blast of force!
The mystic blast hits the boulder beetle!
The boulder beetle is heavily wounded.
The boulder beetle curls into a ball and begins rolling!
You block the boulder beetle's attack.
The boulder beetle stops rolling and uncurls.
Things that are here:
a +0 dagger; a +0 robe; an orc corpse
Casting: Iskenderun's Mystic Blast (dangerous; 1% risk of failure)
Confirm with . or Enter, or press ? or * to list all spells.
You erupt in a blast of force!
The mystic blast hits the boulder beetle but does no damage.
The boulder beetle is moderately wounded.
The boulder beetle bites you!!
You die...

# ##.# #..#..[....#..#
###. #..#######..$)...#
##
.....#..#..#..#[)###[)#
#.........#......#.[....
#...##...###..#..#..#..##
##.# #.....°).#######..Y.
#. ##...°[..#..# ..c.
#.######B#..[...# ..##
#...<.)@).[....##
##########.#......
#........ #.####.... #.#
##.. #.. ###


You could see a boulder beetle.

Vanquished Creatures
  A two-headed ogre (D:8)
  A manticore (D:9)
  Maurice (D:8)
  2 ugly things (D:9)
  2 hornets (D:9)
  Prince Ribbit (D:7)
  2 raiju (D:7)
  Sigmund (D:3)
  A vampire (D:9)
  A wyvern (D:7)
  3 yaks (D:9)
  A steam dragon (D:6)
  A vampire mosquito (D:9)
  Menkaure (D:5)
  2 water moccasins
  2 ice beasts (D:6)
  2 black bears
  4 orc warriors
  5 centaurs
  An ogre (D:7)
  3 phantoms
  4 bullfrogs (D:8)
  A gnoll sergeant (D:9)
  A kobold brigand (D:8)
  3 scorpions
  7 jellies
  15 wights
  8 killer bees (D:9)
  5 electric eels (D:7)
  4 hounds
  A gnoll bouda (D:7)
  5 orc priests
  3 sleepcaps
  Jessica (D:3)
  3 iguanas
  12 orc wizards
  11 gnolls
  9 adders
  A white imp (D:5)
  4 ufetubi (D:7)
  4 worms
  3 dart slugs
  37 orcs
  6 endoplasms
  6 giant cockroaches
  10 goblins
  3 hobgoblins
  12 jackals
  4 quokkas
  6 ball pythons
  3 bats
  3 frilled lizards
  11 kobolds
  6 rats
250 creatures vanquished.

Vanquished Creatures (others)
  92 fulminant prisms
92 creatures vanquished.

Grand Total: 342 creatures vanquished

Notes
Turn   | Place    | Note
-------+----------+-------------------------------------------
     0 | D:1      | Sobieck the Tengu Conjurer began the quest for the Orb.
     0 | D:1      | Reached XP level 1. HP: 10/10 MP: 4/4
   283 | D:1      | Reached XP level 2. HP: 15/15 MP: 3/6
   286 | D:1      | Learned a level 2 spell: Searing Ray
   606 | D:1      | Reached XP level 3. HP: 19/19 MP: 0/7
   832 | D:1      | Reached skill level 6 in Conjurations
  1604 | D:2      | Reached skill level 3 in Spellcasting
  1794 | D:2      | Reached XP level 4. HP: 24/24 MP: 4/9
  2417 | D:3      | Identified the ring "Rodemif" {+Blink rC+ Will- SInv}
  2502 | D:3      | Reached XP level 5. HP: 28/28 MP: 1/11
  2660 | D:3      | Noticed Jessica
  2672 | D:3      | Reached skill level 7 in Conjurations
  2672 | D:3      | Killed Jessica
  2992 | D:3      | Found a glowing golden altar of the Shining One.
  3121 | D:3      | Noticed Sigmund
  3258 | D:3      | Reached XP level 6. HP: 30/32 MP: 6/13
  3398 | D:3      | Found a sparkling altar of Nemelex Xobeh.
  3545 | D:3      | Found a sacrificial altar of Ru.
  3848 | D:4      | Reached skill level 8 in Conjurations
  4540 | D:4      | Found an iron altar of Okawaru.
  4689 | D:4      | Gained mutation: Your magical flight helps you evade
                  | attacks. (EV +4) [Tengu growth]
  4689 | D:4      | Reached XP level 7. HP: 36/36 MP: 9/15
  5010 | D:5      | Entered Level 5 of the Dungeon
  5280 | D:5      | Reached skill level 9 in Conjurations
  5460 | D:5      | Reached skill level 6 in Spellcasting
  5460 | D:5      | Reached XP level 8. HP: 41/41 MP: 11/18
  5609 | D:5      | Reached skill level 10 in Conjurations
  5711 | D:5      | Noticed Menkaure
  5722 | D:5      | Killed Menkaure
  5778 | D:5      | Found a bloodstained altar of Trog.
  6069 | D:5      | Reached skill level 11 in Conjurations
  6451 | D:5      | Found a stormy altar of Qazlal.
  6495 | D:5      | Found a white marble altar of Elyvilon.
  6644 | D:6      | Found a staircase to the Ecumenical Temple.
  6670 | Temple   | Entered the Ecumenical Temple
  6800 | D:6      | Reached skill level 12 in Conjurations
  7024 | D:6      | Found a runed translucent door.
  7025 | D:6      | Noticed pigah's ghost (novice OpSh)
  7045 | D:6      | Reached XP level 9. HP: 45/45 MP: 15/19
  7049 | D:6      | Reached skill level 13 in Conjurations
  7054 | D:6      | Learned a level 4 spell: Iskenderun's Mystic Blast
  7059 | D:6      | Learned a level 4 spell: Fulminant Prism
  7119 | D:6      | Found a shimmering altar of Xom.
  7285 | D:6      | Reached skill level 1 in Translocations
  7306 | D:6      | Reached skill level 1 in Hexes
  7382 | D:6      | Reached skill level 1 in Fighting
  8346 | D:7      | Reached skill level 3 in Dodging
  8769 | D:7      | Noticed Prince Ribbit
  8779 | D:7      | Killed Prince Ribbit
  9266 | D:7      | Reached skill level 3 in Translocations
  9330 | D:7      | Reached XP level 10. HP: 54/54 MP: 20/20
  9440 | D:7      | Reached skill level 3 in Hexes
  9629 | D:7      | Found a radiant altar of Vehumet.
  9641 | D:7      | Became a worshipper of Vehumet
  9832 | D:7      | Reached skill level 3 in Fighting
 10110 | D:3      | Killed Sigmund
 10365 | D:8      | Noticed a two-headed ogre
 10372 | D:8      | Killed a two-headed ogre
 10475 | D:8      | Noticed Maurice
 10592 | D:8      | Killed Maurice
 10637 | D:8      | Found Hatuj's Distillery.
 10944 | D:8      | Found Vifej's Assorted Antiques.
 10952 | D:8      | Bought a flickering platinum ring for 150 gold pieces
 10952 | D:8      | Identified the ring "Kuemomm" {Ice rPois MP+9 Str-4 Int+2}
                  | (You bought it in a shop on level 8 of the Dungeon)
 11174 | D:8      | Found an ornate altar of the Wu Jian Council.
 11347 | D:9      | Reached skill level 14 in Conjurations
 11352 | D:9      | Reached * piety under Vehumet
 11352 | D:9      | Offered knowledge of Freeze by Vehumet.
 11450 | D:9      | Noticed a manticore
 11532 | D:9      | Killed a manticore
 11533 | D:9      | Reached XP level 11. HP: 47/63 MP: 24/24
 11763 | D:9      | Reached skill level 1 in Shields
 11801 | D:9      | Identified the amulet of Pyenin {Spirit rF+ rC+ Int+3}
 11968 | D:9      | Noticed a cyan ugly thing
 11969 | D:9      | Noticed a green ugly thing
 11979 | D:9      | Killed a cyan ugly thing
 11979 | D:9      | Offered knowledge of Kiss of Death by Vehumet.
 11985 | D:9      | Killed a green ugly thing
 11985 | D:9      | Reached ** piety under Vehumet
 12225 | D:9      | Noticed a boulder beetle
 12236 | D:9      | Mangled by a boulder beetle

Illustrated notes

Levels and vault maps discovered:
D:1:      elethiomel_arrival_fortress_basement, layout_basic
D:2:      layout_loops_corners, minmay_between
D:3:      layout_loops_ring, nemelex_xobeh_ov_fountains_minmay,
          mainiacjoe_overflow_surrounded_room, nicolae_ru_the_path_less_chosen,
          kennysheep_boxes, uniq_jessica, uniq_sigmund
D:4:      wander_river, layout_loops_corners, overflow_temple_1_default,
          dreamdust_gnoll_farm
D:5:      nicolae_cairo_tiling_large, layout_basic, trog_three_pillars_becter,
          mainiacjoe_overflow_catch_the_wave, uniq_menkaure
D:6:      layout_basic, xom_teletrap_fun, minmay_temple_entry_large_hall,
          gammafunk_ghost_grave
D:7:      layout_basic, nicolae_vehumet_altar_sigil,
          nicolae_have_a_lightning_rod, uniq_prince_ribbit1
D:8:      layout_loops_ring, overflow_temple_1_default, serial_shops,
          nicolae_diamond_shop, shop, uniq_maurice
D:9:      hangedman_cross_cluster, layout_loops_ring,
          chequers_temple_overflow_statue_of_worship, laboratory
Temple:   nicolae_temple_little_seven

Skill      XL: |  1  2  3  4  5  6  7  8  9 10 11 |
---------------+----------------------------------+-----
Conjurations   | 6 7 8 9 12 13 14 | 14.5
Spellcasting   | 3 4 6 8 |  8.3
Translocations | 3 4 |  4.0
Hexes          | 2 4 |  4.0
Fighting       | 2 5 |  5.6
Dodging        | 3 5 |  5.8
Shields        | 2 |  2.3
Stealth        | |  2.0

Action                     |  1- 3 |  4- 6 |  7- 9 | 10-12 || total
---------------------------+-------+-------+-------+-------++-------
   Cast: Magic Dart        |    82 |    90 |   109 |    11 ||   292
         Searing Ray       |     4 |    20 |    40 |     4 ||    68
         Fulminant Prism   |       |       |    28 |    64 ||    92
         Iskenderun's Myst |       |       |     9 |    34 ||    43
    Use: Scroll            |       |     9 |    10 |     2 ||    21
 Armour: Robe              |     4 |     7 |    20 |    11 ||    42
  Dodge: Dodged            |     9 |    21 |    43 |    36 ||   109
  Block: Other             |       |       |       |     2 ||     2
         Reflection        |       |       |       |     1 ||     1

Table legend: (Time is in decaauts)
 A = Elapsed time spent in this place.
 B = Non-inter-level travel time spent in this place.
 C = Inter-level travel time spent in this place.
 D = Time resting spent in this place.
 E = Time spent auto-exploring this place.
 F = Levels seen in this place.
 G = Mean time per level.
                   A        B        C        D        E       F      G
               +--------+--------+--------+--------+--------+-----+--------+
         Total |  12252 |  11699 |    553 |   2956 |   6524 |  10 | 1225.2 |
       Dungeon |  12250 |  11697 |    553 |   2956 |   6524 |   9 | 1361.1 |
        Temple |      1 |      1 |      0 |      0 |      0 |   1 |    1.0 |
               +--------+--------+--------+--------+--------+-----+--------+

Top non-repeatable levels by time:
     D:7: 1877 daAuts
     D:6: 1838 daAuts
     D:5: 1723 daAuts
     D:3: 1530 daAuts
     D:4: 1259 daAuts
     D:2: 1254 daAuts
     D:1: 1114 daAuts
     D:9: 848 daAuts
     D:8: 804 daAuts
  Temple: 1 daAuts
